DBL
WASHINGTON SENATORS @ COLORADO ROCKIES
05/23/1997
 
TOP OF THE 1ST
Washington Senators batting - Pitching for Colorado Rockies : RHP Tom Rowe
Pitching: RHP Tom Rowe
Batting: RHB Kevin Sefcik 0-0: Ball
1-0: Ball
2-0: Fly out, F8 (Flyball, 8LM, EV 91.3 MPH)
Batting: RHB Vladimir Guerrero 0-0: Ball
1-0: Called Strike
1-1: Called Strike
1-2: Ball
2-2: Ball
3-2: Strikes out swinging
Batting: RHB Alex Rodriguez 0-0: Foul Ball, location: 2F
0-1: Called Strike
0-2: Hit by Pitch
Batting: RHB Albert Belle 0-0: Fielders Choice at 2nd, 6-4 (Groundball, 6, EV 78.1 MPH)
Top of the 1st over - 0 runs, 0 hits, 0 errors, 1 left on base; Washington 0 - Colorado 0
BOTTOM OF THE 1ST
Colorado Rockies batting - Pitching for Washington Senators : RHP Livan Hernandez
Pitching: RHP Livan Hernandez
Batting: LHB Todd Helton 0-0: Ball
1-0: DOUBLE (Flyball, 89D, EV 93.8 MPH)
Batting: RHB Juan Gonzalez 0-0: Ball
1-0: Swinging Strike
1-1: Ball
2-1: Swinging Strike
2-2: Ball
3-2: Base on Balls
Batting: SHB Dmitri Young 0-0: Swinging Strike
0-1: Foul Ball, location: 2F
0-2: Ball
1-2: Strikes out swinging
Batting: LHB Bob Hamelin 0-0: Ball
1-0: Called Strike
1-1: Swinging Strike
1-2: Ball
2-2: Strikes out looking
Batting: RHB Damion Easley 0-0: Swinging Strike
0-1: Ball
1-1: Foul Ball, location: 2F
1-2: Ball
2-2: Fielders Choice at 2nd, 5-4 (Groundball, 56, EV 80.6 MPH)
Bottom of the 1st over - 0 runs, 1 hit, 0 errors, 2 left on base; Washington 0 - Colorado 0
TOP OF THE 2ND
Washington Senators batting - Pitching for Colorado Rockies : RHP Tom Rowe
Batting: RHB Eric Davis 0-0: Ball
1-0: Called Strike
1-1: Foul Ball, location: 2F
1-2: Strikes out looking
Batting: LHB Willie Greene 0-0: Swinging Strike
0-1: Swinging Strike
0-2: Strikes out swinging
Batting: LHB Jon Nunnally 0-0: Ball
1-0: Swinging Strike
1-1: Swinging Strike
1-2: Strikes out looking
Top of the 2nd over - 0 runs, 0 hits, 0 errors, 0 left on base; Washington 0 - Colorado 0
BOTTOM OF THE 2ND
Colorado Rockies batting - Pitching for Washington Senators : RHP Livan Hernandez
Batting: RHB Steve Gibralter 0-0: Ball
1-0: Ball
2-0: SINGLE (Line Drive, 9LM, EV 103.8 MPH)
Batting: LHB Keith Lockhart 0-0: Called Strike
0-1: Ball
1-1: Fly out, F8 (Flyball, 8RM, EV 91.3 MPH)
Batting: LHB Chip Hale 0-0: Called Strike
0-1: Ball
1-1: Foul Ball, location: 2F
1-2: Reached on error, E2 (Groundball, 2L, EV 66.9 MPH)
Steve Gibralter to third
Batting: SHB Brian Banks 0-0: Ball
1-0: Foul Ball, location: 2F
1-1: Foul Ball, location: 2F
1-2: Ball
2-2: Ground out 4-3 (Groundball, 4, EV 106.9 MPH)
Steve Gibralter scores
Chip Hale to third
Batting: LHB Todd Helton 0-0: Foul Ball, location: 2F
0-1: Fly out, F8 (Flyball, 8LM, EV 79.4 MPH)
Bottom of the 2nd over - 1 run, 1 hit, 1 error, 1 left on base; Washington 0 - Colorado 1
TOP OF THE 3RD
Washington Senators batting - Pitching for Colorado Rockies : RHP Tom Rowe
Batting: SHB Mickey Tettleton 0-0: Ball
1-0: Called Strike
1-1: Foul Ball, location: 2F
1-2: Ball
2-2: Ball
3-2: SINGLE (Groundball, 6D, EV 104.4 MPH)
Batting: LHB Don Mattingly 0-0: Hit by Pitch
Mickey Tettleton to second
Batting: RHB Kevin Sefcik 0-0: Bunt missed!
0-1: Bunt missed!
0-2: Ball
1-2: Fly out, F8 (Line Drive, 8RM, EV 93.8 MPH)
Batting: RHB Vladimir Guerrero 0-0: Foul Ball, location: 2F
0-1: Fielders Choice at 2nd, 1-4 (Groundball, 15S, EV 71.3 MPH)
Mickey Tettleton to third
Batting: RHB Alex Rodriguez 0-0: Foul Ball, location: 2F
0-1: Ball
1-1: Swinging Strike
1-2: Ball
2-2: Fly out, F7 (Flyball, 78XD, EV 104.4 MPH)
Top of the 3rd over - 0 runs, 1 hit, 0 errors, 2 left on base; Washington 0 - Colorado 1
BOTTOM OF THE 3RD
Colorado Rockies batting - Pitching for Washington Senators : RHP Livan Hernandez
Batting: RHB Juan Gonzalez 0-0: Ball
1-0: Ball
2-0: Foul Ball, location: 2F
2-1: Fly out, F8 (Flyball, 89M, EV 86.9 MPH)
Batting: SHB Dmitri Young 0-0: Ball
1-0: Ball
2-0: Ball
3-0: Called Strike
3-1: Base on Balls
Batting: LHB Bob Hamelin 0-0: Ball
1-0: Ball
2-0: Called Strike
2-1: Foul Ball, location: 2F
2-2: Foul Ball, location: 2F
2-2: Ball
3-2: Strikes out swinging
Batting: RHB Damion Easley 0-0: Called Strike
0-1: Foul Ball, location: 2F
0-2: Strikes out swinging
Bottom of the 3rd over - 0 runs, 0 hits, 0 errors, 1 left on base; Washington 0 - Colorado 1
TOP OF THE 4TH
Washington Senators batting - Pitching for Colorado Rockies : RHP Tom Rowe
Batting: RHB Albert Belle 0-0: SINGLE (Groundball, 34S, EV 88.8 MPH) (infield hit)
Batting: RHB Eric Davis 0-0: Foul Ball, location: 2F
0-1: Foul Ball, location: 2F
0-2: Strikes out swinging
Batting: LHB Willie Greene 0-0: SINGLE (Groundball, 4D, EV 106.3 MPH)
Albert Belle to second
Runner from 2nd tries for 3rd, SAFE, throw by CF made to third
Batting: LHB Jon Nunnally 0-0: Ball
1-0: Ball
2-0: Called Strike
2-1: Foul Ball, location: 2F
2-2: Fly out, F4 (Popup, 4MD, EV 46.3 MPH)
Batting: SHB Mickey Tettleton 0-0: Ball
1-0: Foul Ball, location: 2F
1-1: Called Strike
1-2: Ball
2-2: Foul Ball, location: 2F
2-2: Strikes out swinging
Top of the 4th over - 0 runs, 2 hits, 0 errors, 2 left on base; Washington 0 - Colorado 1
BOTTOM OF THE 4TH
Colorado Rockies batting - Pitching for Washington Senators : RHP Livan Hernandez
Batting: RHB Steve Gibralter 0-0: Ground out 4-3 (Groundball, 4M, EV 82.5 MPH)
Batting: LHB Keith Lockhart 0-0: Foul Ball, location: 2F
0-1: Ball
1-1: Swinging Strike
1-2: Ball
2-2: Foul Ball, location: 2F
2-2: Ball
3-2: Base on Balls
Batting: LHB Chip Hale 0-0: Grounds into double play, 4-6-3 (Groundball, 4, EV 83.8 MPH)
Bottom of the 4th over - 0 runs, 0 hits, 0 errors, 0 left on base; Washington 0 - Colorado 1
TOP OF THE 5TH
Washington Senators batting - Pitching for Colorado Rockies : RHP Tom Rowe
Batting: LHB Don Mattingly 0-0: Called Strike
0-1: Foul Ball, location: 2F
0-2: Ball
1-2: Ball
2-2: Ball
3-2: Strikes out looking
Batting: RHB Kevin Sefcik 0-0: Called Strike
0-1: Foul Ball, location: 2F
0-2: Fly out, F3 (Flyball, 3D, EV 75.0 MPH)
Batting: RHB Vladimir Guerrero 0-0: Called Strike
0-1: Ball
1-1: Ground out 1-3 (Groundball, 13S, EV 66.3 MPH)
Top of the 5th over - 0 runs, 0 hits, 0 errors, 0 left on base; Washington 0 - Colorado 1
BOTTOM OF THE 5TH
Colorado Rockies batting - Pitching for Washington Senators : RHP Livan Hernandez
Batting: SHB Brian Banks 0-0: Ball
1-0: Ball
2-0: Ball
3-0: Called Strike
3-1: Base on Balls
Batting: LHB Todd Helton 0-0: Called Strike
0-1: Ball
1-1: Fly out, F5 (Popup, 56S, EV 72.5 MPH)
Batting: RHB Juan Gonzalez 0-0: Swinging Strike
0-1: Swinging Strike
0-2: Strikes out swinging
Batting: SHB Dmitri Young 0-0: Ball
1-0: Ground out 4-3 (Groundball, 4, EV 93.8 MPH)
Bottom of the 5th over - 0 runs, 0 hits, 0 errors, 1 left on base; Washington 0 - Colorado 1
TOP OF THE 6TH
Washington Senators batting - Pitching for Colorado Rockies : RHP Tom Rowe
Batting: RHB Alex Rodriguez 0-0: Called Strike
0-1: SOLO HOME RUN (Flyball, 9D, EV 90.6 MPH), Distance : 389 ft
Batting: RHB Albert Belle 0-0: Called Strike
0-1: Called Strike
0-2: SINGLE (Groundball, 56D, EV 97.5 MPH)
Batting: RHB Eric Davis 0-0: Called Strike
0-1: Ball
Wild Pitch!
Albert Belle to second
1-1: Foul Ball, location: 2F
1-2: Ball
2-2: Ball
3-2: Ground out 1-3 (Groundball, 15S, EV 76.9 MPH)
Batting: LHB Willie Greene 0-0: Foul Ball, location: 2F
0-1: Swinging Strike
0-2: Ball
1-2: Strikes out swinging
Batting: LHB Jon Nunnally 0-0: Foul Ball, location: 2F
0-1: Ball
1-1: Ground out 6-3 (Groundball, 6M, EV 80.6 MPH)
Top of the 6th over - 1 run, 2 hits, 0 errors, 1 left on base; Washington 1 - Colorado 1
BOTTOM OF THE 6TH
Colorado Rockies batting - Pitching for Washington Senators : RHP Livan Hernandez
Batting: LHB Bob Hamelin 0-0: Called Strike
0-1: Swinging Strike
0-2: Ball
1-2: DOUBLE (Line Drive, 78XD, EV 105.0 MPH)
Batting: RHB Damion Easley 0-0: Swinging Strike
0-1: Ball
1-1: Foul Ball, location: 2F
1-2: Ball
2-2: Fly out, F8 (Line Drive, 8RM, EV 91.3 MPH)
Batting: RHB Steve Gibralter 0-0: Intentional Walk
Batting: LHB Keith Lockhart 0-0: Ball
1-0: Reached via error on a dropped throw from 2B, E6 (Groundball, 4, EV 103.1 MPH)
Bob Hamelin to third
Steve Gibralter to second
Batting: LHB Chip Hale 0-0: Ball
1-0: Foul Ball, location: 2F
1-1: Ball
2-1: Foul Ball, location: 2F
2-2: Ball
3-2: Strikes out swinging
Batting: SHB Brian Banks 0-0: Foul Ball, location: 2F
0-1: Ball
1-1: Called Strike
1-2: Fly out, F8 (Line Drive, 8RM, EV 88.8 MPH)
Bottom of the 6th over - 0 runs, 1 hit, 1 error, 3 left on base; Washington 1 - Colorado 1
TOP OF THE 7TH
Washington Senators batting - Pitching for Colorado Rockies : RHP Tom Rowe
Batting: SHB Mickey Tettleton 0-0: Ball
1-0: Foul Ball, location: 2F
1-1: Ball
2-1: Fly out, F9 (Flyball, 9LS, EV 88.8 MPH)
Batting: LHB Don Mattingly 0-0: Foul Ball, location: 2F
0-1: Ball
1-1: Ball
2-1: Ball
3-1: Base on Balls
Batting: RHB Kevin Sefcik 0-0: Swinging Strike
0-1: Foul Ball, location: 2F
0-2: Foul Ball, location: 2F
0-2: Ball
1-2: Ball
2-2: Fielders Choice at 2nd, 4-6 (Groundball, 4M, EV 103.8 MPH)
Pitching: LHP Jason Christiansen
Batting: RHB Vladimir Guerrero 0-0: Ball
1-0: Foul Ball, location: 2F
1-1: Fly out, F7 (Flyball, 7S, EV 92.5 MPH)
Top of the 7th over - 0 runs, 0 hits, 0 errors, 1 left on base; Washington 1 - Colorado 1
BOTTOM OF THE 7TH
Colorado Rockies batting - Pitching for Washington Senators : RHP Livan Hernandez
Pitching: LHP Dan Plesac
Batting: LHB Todd Helton 0-0: Ball
1-0: Ground out 1-3 (Groundball, 15, EV 83.8 MPH)
Batting: RHB Juan Gonzalez 0-0: Called Strike
0-1: SINGLE (Groundball, 34D, EV 96.9 MPH)
Batting: SHB Dmitri Young 0-0: Called Strike
0-1: Ball
1-1: SINGLE (Line Drive, 9S, EV 106.3 MPH)
Juan Gonzalez to second
Batting: LHB Bob Hamelin 0-0: Ball
1-0: Ball
2-0: Ball
3-0: Called Strike
3-1: Called Strike
3-2: Foul Ball, location: 2F
3-2: Fielders Choice at 2nd, 4-6 (Groundball, 4, EV 81.3 MPH)
Juan Gonzalez to third
Batting: RHB Damion Easley 0-0: Ball
1-0: SINGLE (Groundball, 6MD, EV 97.5 MPH)
Juan Gonzalez scores
Bob Hamelin to second
Runner from 2nd tries for 3rd, SAFE, throw by CF made to third
Batting: RHB Steve Gibralter 0-0: Called Strike
0-1: SINGLE (Flyball, 89S, EV 85.0 MPH)
Bob Hamelin scores
Damion Easley to second
Runner from 2nd tries for 3rd, SAFE, throw by RF made to third
Batting: LHB Keith Lockhart 0-0: Fly out, F8 (Flyball, 8LD, EV 85.6 MPH)
Bottom of the 7th over - 2 runs, 4 hits, 0 errors, 2 left on base; Washington 1 - Colorado 3
TOP OF THE 8TH
Washington Senators batting - Pitching for Colorado Rockies : LHP Jason Christiansen
Batting: RHB Alex Rodriguez 0-0: Ball
1-0: Ball
2-0: Ball
3-0: Base on Balls
Batting: RHB Albert Belle 0-0: Ball
1-0: Swinging Strike
1-1: Called Strike
1-2: Ball
2-2: Foul Ball, location: 2F
2-2: Ball
3-2: Strikes out swinging
Alex Rodriguez is caught stealing 2nd base 2-4
Batter strikes out.
Batting: RHB Eric Davis 0-0: Called Strike
0-1: Swinging Strike
0-2: Ball
1-2: Ground out 6-3 (Groundball, 6D, EV 104.4 MPH)
Top of the 8th over - 0 runs, 0 hits, 0 errors, 0 left on base; Washington 1 - Colorado 3
BOTTOM OF THE 8TH
Colorado Rockies batting - Pitching for Washington Senators : LHP Dan Plesac
Batting: LHB Chip Hale 0-0: Ground out 4-3 (Groundball, 4, EV 83.8 MPH)
Batting: SHB Brian Banks 0-0: Ball
1-0: Foul Ball, location: 2F
1-1: Foul Ball, location: 2F
1-2: Foul Ball, location: 2F
1-2: Ground out 5-3 (Groundball, 5, EV 100.6 MPH)
Batting: LHB Todd Helton 0-0: Ball
1-0: Fly out, F9 (Flyball, 9LSF, EV 91.9 MPH)
Bottom of the 8th over - 0 runs, 0 hits, 0 errors, 0 left on base; Washington 1 - Colorado 3
TOP OF THE 9TH
Washington Senators batting - Pitching for Colorado Rockies : LHP Jason Christiansen
Pitching: LHP Joey Eischen
Batting: LHB Willie Greene 0-0: Ball
1-0: Swinging Strike
1-1: Foul Ball, location: 2F
1-2: Strikes out swinging
Batting: LHB Jon Nunnally 0-0: Ball
1-0: Ball
2-0: Ball
3-0: Base on Balls
Batting: SHB Mickey Tettleton 0-0: Foul Ball, location: 2F
0-1: Called Strike
0-2: Strikes out swinging
Pinch Hitting: RHB Marty Cordova 0-0: Ball
1-0: Ball
2-0: Called Strike
2-1: Ball
3-1: Base on Balls
Jon Nunnally to second
Batting: RHB Kevin Sefcik 0-0: Ball
1-0: Ball
2-0: Swinging Strike
2-1: Fly out, F9 (Flyball, 89M, EV 85.0 MPH)
Top of the 9th over - 0 runs, 0 hits, 0 errors, 2 left on base; Washington 1 - Colorado 3
Friday, February 13th, 2026 - OOTP Baseball 20.8 Build 74